 Dungeon Crawl Stone Soup version 0.26.1-11-gd32895ea62 (webtiles) character file.

Game seed: 4237154057494285623

1794 Zeld the Carver (level 9, -3/56 HPs)
             Began as an Octopode Monk on May 19, 2021.
             Slain by an ice beast (7 damage)
             ... on level 5 of the Dungeon.
             The game lasted 00:10:13 (8212 turns).

Zeld the Carver (Octopode Monk)                     Turns: 8212, Time: 00:10:14

Health: -3/56      AC:  2    Str: 13    XL:     9   Next: 9%
Magic:  9/9        EV: 14    Int: 13    God:
Gold:   184        SH:  0    Dex: 14    Spells: 8/8 levels left

rFire    . . .     SeeInvis .   C - +0 falchion
rCold    . . .     Faith    .   (no shield)
rNeg     . . .     Spirit   .   l - +1 hat
rPois    .         Reflect  .   (no amulet)
rElec    .         Harm     .   (no ring)
rCorr    .         Rampage  .   (no ring)
Will     .....                  (no ring)
Stlth    +++.......             (no ring)
HPRegen  0.18/turn              (no ring)
MPRegen  0.11/turn              (no ring)
                                (no ring)
                                (no ring)

@: no status effects
A: almost no armour, stealthy swim, amphibious, 8 rings, constrict 8, camouflage
1, gelatinous body 1
a: no special abilities


You were on level 5 of the Dungeon.
You visited 1 branch of the dungeon, and saw 6 of its levels.
You also visited: Sewer.

You collected 184 gold pieces.

Inventory:

Hand Weapons
 a - a +0 falchion
 C - a +0 falchion (weapon)
Missiles
 D - 3 boomerangs (quivered)
Armour
 l - a +1 hat (worn)
Jewellery
 g - a cursed amulet of inaccuracy {unknown}
 m - an uncursed ring of protection from fire {unknown}
 o - an uncursed ring of willpower {unknown}
 A - an uncursed ring of fire {unknown}
Wands
 B - a wand of random effects (15)
 E - a wand of enslavement (10)
Scrolls
 b - 2 scrolls of remove curse {unknown}
 e - a scroll of enchant armour {unknown}
 k - 4 scrolls of identify {unknown}
 p - a scroll of random uselessness {unknown}
 r - 2 scrolls of amnesia {unknown}
 s - a scroll of blinking {unknown}
 t - a scroll of enchant weapon {unknown}
 w - 2 scrolls of magic mapping {unknown}
 y - a scroll of holy word {unknown}
 z - 2 scrolls of teleportation {unknown}
Potions
 c - 9 potions of flight {unknown}
 d - 8 potions of curing
 f - 2 potions of attraction {unknown}
 h - a potion of berserk rage {unknown}
 i - 2 potions of degeneration {unknown}
 j - 2 potions of haste {unknown}
 n - a potion of cancellation {unknown}
 q - a potion of ambrosia {unknown}
 u - a potion of might {unknown}
 v - 2 potions of brilliance {unknown}
 x - 2 potions of heal wounds {unknown}


   Skills:
 - Level 3.0 Fighting
 * Level 11.6 Long Blades
 - Level 3.0 Dodging
 - Level 2.6 Stealth


You had 8 spell levels left.
You didn't know any spells.
Your spell library was empty.

Dungeon Overview and Level Annotations

Branches:
Dungeon (6/15)              Sewer (visited)
 Temple: D:4-7

Altars:
Fedhas
Sif Muna
Zin

Shops:
D:5 (


Innate Abilities, Weirdness & Mutations

You cannot wear most types of armour.
You are very stealthy in the water. (Stealth+)
You are amphibious.
You can wear up to eight rings at the same time.
You can use your tentacles to constrict eight enemies at once.
Your skin changes colour to match your surroundings (Stealth+).
Your rubbery body absorbs attacks. (AC +1, EV +1)


Message History

You are too injured to fight recklessly!
You are too injured to fight recklessly!
You are too injured to fight recklessly!
You are too injured to fight recklessly!
Okay, then.
The ice beast hits you. The ice beast freezes you!
* * * LOW HITPOINT WARNING * * *
There is a stone staircase leading down here.
There is an open door here.
You are too injured to fight recklessly!
There is an open door here.
You see here 2 atropa-tipped darts.
There is an entrance to Miecel's Antique Weapon Emporium here.
There is an escape hatch in the ceiling here.
The ice beast hits you. The ice beast freezes you!
* * * LOW HITPOINT WARNING * * *
The ice beast hits you.
* * * LOW HITPOINT WARNING * * *
The ice beast freezes you!
You die...

#.......###.......## #
#.....#.##.........###
#....<...'.........'..
#.....#.##.........###
#.##.##Y###..>....## #
#.##..#.# ##.....## #
#.##.8#.# ##...##
#.....Y.# ##'##
####.@### #.# #..# #.#
#### #.∩# ##.## #...
#..# ##...###.## #.8#
#.....##>## #..#
##...###.##
#.#########.####...
#......(.........##
###################


You could see an ice beast.

Vanquished Creatures
  Eustachio (D:6)
  A water moccasin (D:5)
  A phantom (D:5)
  A black bear (D:6)
  2 centaurs (D:5)
  5 big kobolds (Sewer)
  2 bullfrogs (D:6)
  A scorpion (D:6)
  A bullfrog zombie (D:5)
  3 hounds
  2 centaur zombies (D:5)
  An orc priest (D:3)
  A bullfrog skeleton (D:5)
  4 orc wizards
  3 worker ants
  A hound zombie (D:5)
  12 adders
  2 white imps
  An ufetubus (D:6)
  An adder zombie (D:1)
  2 dart slugs
  4 leopard geckos
  15 orcs
  11 giant cockroaches
  8 goblins
  12 hobgoblins
  4 jackals
  5 quokkas
  5 ball pythons
  14 bats
  4 frilled lizards
  A giant cockroach zombie (D:1)
  18 kobolds
  12 rats
161 creatures vanquished.

Vanquished Creatures (others)
  A plant (Sewer)
1 creature vanquished.

Grand Total: 162 creatures vanquished

Notes
Turn   | Place    | Note
-------+----------+-------------------------------------------
     0 | D:1      | Zeld the Octopode Monk began the quest for the Orb.
     0 | D:1      | Reached XP level 1. HP: 16/16 MP: 1/1
   108 | D:1      | Reached XP level 2. HP: 16/21 MP: 2/2
   631 | D:1      | Reached skill level 4 in Long Blades
   696 | D:1      | Reached XP level 3. HP: 19/26 MP: 3/3
  1870 | D:2      | Found a shimmering blue altar of Sif Muna.
  1933 | D:2      | Reached XP level 4. HP: 31/31 MP: 4/4
  2293 | D:2      | Reached skill level 5 in Long Blades
  2668 | D:3      | Reached XP level 5. HP: 36/36 MP: 5/5
  2819 | D:3      | Reached skill level 6 in Long Blades
  3647 | D:4      | Noticed an ogre
  3695 | D:4      | Reached XP level 6. HP: 8/42 MP: 6/6
  3810 | D:4      | Found a glowing drain.
  3933 | Sewer    | Entered a sewer
  4062 | Sewer    | Reached skill level 7 in Long Blades
  4218 | Sewer    | Reached XP level 7. HP: 16/46 MP: 7/7
  4220 | Sewer    | Reached skill level 8 in Long Blades
  5504 | D:5      | Entered Level 5 of the Dungeon
  5856 | D:5      | Reached skill level 9 in Long Blades
  5934 | D:5      | Reached XP level 8. HP: 39/52 MP: 8/8
  6153 | D:5      | Found a glowing silver altar of Zin.
  6867 | D:5      | Reached skill level 10 in Long Blades
  7502 | D:5      | Found Miecel's Antique Weapon Emporium.
  7921 | D:6      | Found a blossoming altar of Fedhas.
  8014 | D:6      | Noticed Eustachio
  8027 | D:6      | Killed Eustachio
  8028 | D:6      | Reached skill level 11 in Long Blades
  8044 | D:6      | Reached XP level 9. HP: 13/56 MP: 9/9
  8212 | D:5      | Slain by an ice beast

Illustrated notes

Levels and vault maps discovered:
D:1:      saegor_arrival_fortress, layout_basic, grunt_decor_cap
D:2:      layout_loops_cross, led_sif_pool, minmay_hexomino_c4
D:3:      layout_basic, minmay_three_crescents
D:4:      layout_gridville, gup_sewer_entry_glass
D:5:      layout_loops_corners, basic_altar, serial_shops, shop_statue,
          item_on_display_a
D:6:      layout_cave_pools, fedhas_altar_1, dk_rats_in_the_wall,
          uniq_eustachio, uniq_maggie, uniq_crazy_yiuf_cottage

Skill      XL: |  1  2  3  4  5  6  7  8 |
---------------+-------------------------+-----
Long Blades    | 4 5 6 7 9 11 | 11.6
Fighting       | |  3.0
Dodging        | |  3.0
Stealth        | |  2.6

Action                   |  1- 3 |  4- 6 |  7- 9 || total
-------------------------+-------+-------+-------++-------
Melee: Falchion          |    64 |   157 |   182 ||   403
       Constrict         |    24 |    52 |    43 ||   119
       Tentacles         |    14 |    34 |    54 ||   102
  Use: Potion            |       |       |     3 ||     3
 Stab: Sleeping          |    10 |    18 |     9 ||    37
Armor: Skin              |     6 |    25 |    12 ||    43
Dodge: Dodged            |    40 |   126 |   115 ||   281
       Rpst.: Falchion   |    10 |    39 |    33 ||    82
